 Dungeon Crawl Stone Soup version 0.31-a0-699-g830162fb6c (webtiles) character file.

Game seed: 8122436429325615432

81 qw the Shooter (level 4, -2/28 HPs)
             Began as a Gargoyle Hunter on Sept 7, 2023.
             Slain by an ogre
             ... wielding a +0 giant club
              (15 damage)
             ... on level 3 of the Dungeon.
             The game lasted 00:00:51 (1956 turns).

qw the Shooter (Gargoyle Hunter)                    Turns: 1956, Time: 00:00:52

Health: -2/28      AC: 10    Str: 15    XL:     4   Next: 40%
Magic:  4/4        EV: 11    Int:  9    God:
Gold:   137        SH:  0    Dex: 15    Spells: 3/3 levels left

rFire   . . .        Y - +0 shortbow
rCold   . . .        (shield currently unavailable)
rNeg    + . .        m - +0 ring mail
rPois   inf          (no helmet)
rElec   +            b - +1 cloak
rCorr   .            (no gloves)
SInv    .            (no boots)
Will    .....        k - amulet of the acrobat
Stlth   +            (no ring)
HPRegen 0.24/turn    (no ring)
MPRegen 0.09/turn

%: acrobat
@: no status effects
A: sickness immunity, AC +3, negative energy resistance 1, electricity
resistance, torment resistance 1, petrification resistance
a: no special abilities


You were on level 3 of the Dungeon.
You visited 1 branch of the dungeon, and saw 3 of its levels.

You collected 137 gold pieces.


Innate Abilities, Weirdness & Mutations

You are immune to sickness and miasma.
Your stone body is resilient. (AC +3)
You are immune to poison.
You resist negative energy. (rN+)
You are resistant to electric shocks. (rElec)
You are resistant to unholy torment.
You are immune to petrification.


   Skills:
 - Level 3.0 Fighting
 + Level 5.2 Ranged Weapons
 - Level 1.0 Armour
 - Level 1.5 Dodging
 - Level 1.1 Stealth


You had 3 spell levels left.
You didn't know any spells.
Your spell library was empty.

Inventory:

Hand Weapons
 Y - a +0 shortbow (weapon)
Armour
 b - a +1 cloak (worn)
 m - a +0 ring mail (worn)
Jewellery
 d - an amulet of magic regeneration
 k - an amulet of the acrobat (around neck)
Scrolls
 a - 2 scrolls of identify
 f - a scroll of silence {unknown}
 h - a scroll of teleportation
Potions
 c - a potion of degeneration {unknown}
 e - a potion of curing
 g - a potion of might {unknown}
 i - a potion of enlightenment {unknown}
 j - a potion of resistance {unknown}

Dungeon Overview and Level Annotations

Branches:
Dungeon (3/15)

Altars:
Xom

Annotations:
D:2 Robin


Message History

There is an open door here.
Found a leather armour.
Enter note:
Enter note:
Enter note:
There is a stone staircase leading down here.
Found a shimmering altar of Xom.
Found a rapier and a maw talisman.
You see here a +0 rapier.
As you open the door, it creaks loudly!
A quokka comes into view.
You shoot an arrow. The arrow hits the quokka.
The quokka is heavily wounded.
You shoot an arrow. The arrow hits the quokka.
The quokka is heavily wounded.
You shoot an arrow. The arrow closely misses the quokka.
There is an open door here.
You shoot an arrow. The arrow closely misses the quokka.
The quokka bites you but does no damage.
You shoot an arrow. The arrow hits the quokka.
You kill the quokka!
i - a cyan potion
Found a club.
You see here a +0 club.
An ogre comes into view. It is wielding a +0 giant club.
You shoot an arrow. The arrow barely misses the ogre.
You shoot an arrow. The arrow completely misses the ogre.
The ogre misses you.
You shoot an arrow. The arrow barely misses the ogre.
The ogre hits you with a +0 giant club!
Ouch! That really hurt!
You shoot an arrow. The arrow hits the ogre!
The ogre is moderately wounded.
You shoot an arrow. The arrow hits the ogre.
The ogre is moderately wounded.
The ogre barely misses you.
You shoot an arrow. The arrow barely misses the ogre.
The ogre hits you with a +0 giant club!
Ouch! That really hurt!
You die...

#.# #.###..#
#.....# #.
#.#....# #.....#
#
#.#.#.######.###
#.#......)...#
####.####### #.#
#.# #.# #@#
#....O.#
########


You could see an ogre.

Vanquished Creatures
  6 dart slugs
  An orc (D:2)
  A ball python (D:1)
  4 bats (D:1)
  6 endoplasms
  A giant cockroach (D:1)
  15 goblins
  7 hobgoblins
  2 jackals (D:2)
  5 quokkas
  3 frilled lizards
  5 kobolds
  A rat (D:3)
57 creatures vanquished.

Notes
Turn   | Place    | Note
-------+----------+-------------------------------------------
     0 | D:1      | qw the Gargoyle Hunter began the quest for the Orb.
     0 | D:1      | Reached XP level 1. HP: 12/12 MP: 1/1
     0 | D:1      | 0 ||| qw: Version: 0.3-a-76-g4403597
     0 | D:1      | 0 ||| qw: Game counter: 407
     0 | D:1      | 0 ||| qw: Melee chars always use a shield: true
     0 | D:1      | 0 ||| qw: God list: Okawaru
     0 | D:1      | 0 ||| qw: Allow faded altars: false
     0 | D:1      | 0 ||| qw: Do Orc after clearing Dungeon:15 true
     0 | D:1      | 0 ||| qw: Do second Lair branch before Depths: true
     0 | D:1      | 0 ||| qw: Lair rune preference: random
     0 | D:1      | 0 ||| qw: Goals: Normal
     0 | D:1      | 0 ||| PLANNING D:1-11
    28 | D:1      | Reached XP level 2. HP: 6/17 MP: 2/2
   202 | D:1      | Noticed a shining eye
   205 | D:1      | Found a faded altar of an unknown god.
   207 | D:1      | Noticed a golden eye
   207 | D:1      | Noticed a golden eye
   207 | D:1      | Noticed a great orb of eyes
   208 | D:1      | 208 ||| UPGRADING to amulet of the acrobat.
   308 | D:1      | Reached XP level 3. HP: 21/21 MP: 3/3
   363 | D:1      | Reached skill level 5 in Ranged Weapons
   607 | D:1      | 607 ||| UPGRADING to +0 ring mail.
   617 | D:1      | 617 ||| DROPPING +0 leather armour.
   618 | D:1      | 618 ||| READING 2 scrolls labelled PEAMEI EZUUH.
   619 | D:1      | 619 ||| READING scroll labelled JOROHEU FOISUHAPU.
   620 | D:1      | 620 ||| READING 3 scrolls labelled BOAQUT JILU.
   623 | D:1      | 623 ||| READING scroll labelled AMMOBL LOANT.
   624 | D:1      | 624 ||| READING scroll labelled MAOKHLIWUYNG.
   625 | D:1      | 625 ||| DROPPING scroll of butterflies.
   723 | D:2      | Identified the +0 helmet of Duck's Teeth {Stlth+}
   723 | D:2      | Noticed Robin
   745 | D:2      | HP: 5/21 [goblin/+0 club[Robin] (3)]
   746 | D:2      | 746 ||| READING 2 scrolls of teleportation.
   749 | D:2      | Reached skill level 1 in Armour
  1114 | D:2      | Reached XP level 4. HP: 27/27 MP: 4/4
  1117 | D:2      | Reached skill level 3 in Fighting
  1526 | D:2      | 1526 ||| UPGRADING to +0 cloak.
  1531 | D:2      | 1531 ||| READING scroll of enchant armour.
  1531 | D:2      | 1531 ||| ENCHANTING +0 cloak.
  1532 | D:2      | 1532 ||| READING scroll labelled CIR PYEJAU.
  1533 | D:2      | 1533 ||| DRINKING 2 emerald potions.
  1562 | D:3      | 1562 ||| STAIRDANCE
  1567 | D:3      | 1567 ||| STAIRDANCE
  1892 | D:3      | Found a shimmering altar of Xom.
  1950 | D:3      | Noticed an ogre
  1956 | D:3      | Slain by an ogre

Levels and vault maps discovered:
D:1:      lemuel_arrival_rhombus, layout_basic,
          hellmonk_ecumenical_altar_watching_god, minmay_crystal_room,
          minmay_ruptured
D:2:      layout_basic, lightli_corner_chamber, uniq_robin
D:3:      layout_basic, lemuel_crystal_altar

Skill      XL: |  1  2  3  4 |
---------------+-------------+-----
Ranged Weapons | 5 |  5.2
Armour         | 1 |  1.0
Fighting       | 3 |  3.0
Dodging        | |  1.5
Stealth        | |  1.1

Action                     |  1- 3 |  4- 6 || total
---------------------------+-------+-------++-------
   Fire: Shortbow          |   155 |    52 ||   207
    Use: Scroll            |     6 |     2 ||     8
         Potion            |       |     1 ||     1
 Armour: Leather armour    |    33 |       ||    33
         Ring mail         |    34 |     8 ||    42
  Dodge: Dodged            |    56 |    14 ||    70

Table legend:
 A = Non-vault XP
 B = Vault XP
 C = Vault XP percentage of total XP
 D = Non-vault monster count
 E = Vault monster count
 F = Vault count percentage of total count
                 A         B        C        D         E       F
            +---------+---------+-------+---------+---------+-------
      Total |      96 |      20 |  17.2 |      46 |      11 |  19.3
            +---------+---------+-------+---------+---------+-------
        D:1 |      36 |       7 |  16.3 |      18 |       4 |  18.2
        D:2 |      47 |      13 |  21.7 |      21 |       7 |  25.0
        D:3 |      13 |       0 |   0.0 |       7 |       0 |   0.0
            +---------+---------+-------+---------+---------+-------
